 Dungeon Crawl Stone Soup version 0.28.0-47-ge53b351184 (webtiles) character file.

Game seed: 10901190774261336299

14567 issech the Basher (level 11, 0/96 HPs)
             Began as a Troll Fighter on Apr 27, 2022.
             Was an Elder of Hepliaklqana.
             Slain by a seven-headed hydra (8 damage)
             ... on level 11 of the Dungeon.
             The game lasted 00:39:56 (10137 turns).

issech the Basher (Troll Fighter)                  Turns: 10137, Time: 00:39:56

Health: 0/96       AC:  6    Str: 30      XL:     11   Next: 90%
Magic:  1/1        EV: 15    Int:  2 (4)  God:    Hepliaklqana [****..]
Gold:   634        SH: 11    Dex: 13      Spells: 10/10 levels left

rFire   . . .      SeeInvis .   U - +0 morningstar (flame)
rCold   + . .      Faith    .   c - +1 kite shield
rNeg    + + +      Spirit   .   K - +1 robe of the Orb Guardian {rN+++ MP-9 Str+4}
rPois   .          Reflect  .   (helmet restricted)
rElec   .          Harm     .   A - +0 cloak
rCorr   .          Rampage  .   (gloves unavailable)
Will    .....                   (boots unavailable)
Stlth   ++........              N - amulet of magic regeneration
HPRegen 1.06/turn               i - +4 ring of evasion
MPRegen 0.47/turn               I - ring of protection from cold

@: no status effects
A: reduced essence, large, unfitting armour, claws 3, regeneration 1, shaggy fur
1, tough skin 1
a: Renounce Religion, Recall Ancestor, Ancestor Identity, Transference, Idealise


You were on level 11 of the Dungeon.
You worshipped Hepliaklqana.
Hepliaklqana was greatly pleased with you.
You visited 2 branches of the dungeon, and saw 12 of its levels.
You also visited: Ossuary and Bailey.

You collected 634 gold pieces.

Inventory:

Hand Weapons
 a - a +1 flail
 b - a +1 mace of protection
 g - a +0 broad axe
 h - a +3 hand axe
 r - a +3 hand axe
 B - a +0 giant spiked club
 E - a +2 vorpal long sword
 H - a +0 fustibalus
 R - a +1 scimitar of flaming
 T - a +1 dagger of protection
 U - a +0 morningstar of flaming (weapon)
 Z - a +1 dagger of freezing
Missiles
 e - 114 arrows
 f - 117 sling bullets
 n - 256 stones
 q - 74 bolts
 v - 6 boomerangs
 y - 12 poisoned darts
 F - 2 large rocks (quivered)
 J - 2 curare-tipped darts
Armour
 c - a +1 kite shield (worn)
 A - a +0 cloak (worn)
 K - the +1 robe of the Orb Guardian (worn) {rN+++ MP-9 Str+4}
   (You found it on level 7 of the Dungeon)

   Str:       It affects your strength (+4).
   rN:        It renders you almost immune to negative energy.
   MP:        It affects your magic capacity (-9).
 W - +0 steam dragon scales
Jewellery
 i - a +4 ring of evasion (left claw)
 I - a ring of protection from cold (right claw)
 L - a ring of protection from cold
 N - an amulet of magic regeneration (around neck)
Wands
 l - a wand of iceblast (13)
 P - a wand of flame (13)
Scrolls
 j - a scroll of enchant weapon
 k - a scroll of identify
 o - 2 scrolls of fear
 p - 5 scrolls of teleportation
 w - a scroll of silence
 M - a scroll of noise
 O - 3 scrolls of fog
 V - 2 scrolls of enchant armour
 Y - a scroll of holy word
Potions
 d - 5 potions of might
 m - 4 potions of mutation {unknown}
 s - a potion of brilliance {unknown}
 t - 6 potions of curing {unknown}
 u - 2 potions of ambrosia {unknown}
 x - 2 potions of attraction {unknown}
 z - 2 potions of cancellation {unknown}
 C - 2 potions of lignification {unknown}
 G - a potion of invisibility {unknown}
 Q - 3 potions of haste {unknown}
 S - 2 potions of heal wounds {unknown}
Miscellaneous
 D - a condenser vane


   Skills:
 + Level 6.5 Fighting
 + Level 5.3 Long Blades
 + Level 9.3 Maces & Flails
 + Level 3.0 Throwing
 + Level 7.3 Dodging
 + Level 3.5 Stealth
 + Level 7.7 Shields


You had 10 spell levels left.
You didn't know any spells.
Your spell library contained the following spells:

 Spells                   Type           Power      Damage    Failure   Level
 Beastly Appendage        Tmut           0%         N/A       78%         1
 Foxfire                  Conj/Fire      0%         2x1d4     78%         1
 Blink                    Tloc           0%         N/A       89%         2
 Corpse Rot               Necr/Air       0%         N/A       89%         2
 Poisonous Vapours        Pois/Air       0%         N/A       89%         2
 Wereblood                Tmut           0%         N/A       89%         2
 Conjure Flame            Conj/Fire      0%         6-21      98%         3
 Gell's Gravitas          Tloc           0%         N/A       98%         3
 Ignite Poison            Fire/Tmut/Pois 0%         N/A       98%         3
 Inner Flame              Hex/Fire       0%         N/A       98%         3
 Lesser Beckoning         Tloc           0%         N/A       98%         3
 Spider Form              Tmut/Pois      0%         N/A       98%         3
 Teleport Other           Tloc           0%         N/A       98%         3
 Flame Wave               Conj/Fire      0%         2d4       100%        4
 Sticky Flame             Conj/Fire      0%         2d3       100%        4
 Manifold Assault         Tloc           0%         N/A       100%        5
 Storm Form               Tmut/Air       0%         N/A       100%        7


Dungeon Overview and Level Annotations

Branches:
Dungeon (11/15)            Temple (1/1) D:7             Orc (0/2) D:9
Ossuary (visited)          Bailey (visited)
   Lair: D:8-11

Altars:
Ashenzari
Cheibriados
Dithmenos
Elyvilon
Fedhas
Gozag
Hepliaklqana
Kikubaaqudgha
Makhleb
Nemelex Xobeh
Okawaru
Qazlal
Ru
Sif Muna
Trog
Uskayaw
Vehumet
Wu Jian
Xom
Yredelemnul
Zin
The Shining One

Shops:
D:2 (

Portals:
Trove: D:10 (give +8 demon blade)

Annotations:
D:2 1 runed translucent door, Crazy Yiuf


Innate Abilities, Weirdness & Mutations

Your life essence is reduced to manifest your ancestor. (-10% HP)
You are too large for most types of armour.
You have claws for hands.
Your natural rate of healing is unusually fast.
You are covered in fur. (AC +1)
You have tough skin. (AC +1)


Message History

Found 20 gold pieces.
Found an escape hatch in the ceiling.
Amurritum points at the two-headed ogre and mumbles some strange words.
The puff of frost hits the two-headed ogre!
Amurritum casts a spell at the two-headed ogre.
The puff of frost hits the two-headed ogre!
The two-headed ogre hits Amurritum with a +0 giant spiked club!
The two-headed ogre barely misses Amurritum.
Amurritum casts a spell at the two-headed ogre.
The puff of frost hits the two-headed ogre!
Amurritum hits the two-headed ogre with a +0 quarterstaff!
The two-headed ogre dies!
You feel your dexterity returning.
Your Throwing skill increases to level 3!
You see here a large rock.
You see here 20 gold pieces.
You puncture the seven-headed hydra! You burn the seven-headed hydra.
The seven-headed hydra is moderately wounded.
The seven-headed hydra misses you. The seven-headed hydra bites you!
The seven-headed hydra bites you.
The seven-headed hydra barely misses you. x3
The seven-headed hydra misses you.
You bludgeon the seven-headed hydra!! You burn the seven-headed hydra.
The seven-headed hydra is severely wounded.
The seven-headed hydra misses you. The seven-headed hydra bites you!
The seven-headed hydra bites you but does no damage.
You block the seven-headed hydra's attack. x3
The seven-headed hydra bites you.
Amurritum gestures at the seven-headed hydra while chanting.
The stone arrow misses the seven-headed hydra.
You barely miss the seven-headed hydra.
The seven-headed hydra is severely wounded.
The seven-headed hydra bites you.
You block the seven-headed hydra's attack. x2
The seven-headed hydra bites you!
* * * LOW HITPOINT WARNING * * *
The seven-headed hydra bites you!
* * * LOW HITPOINT WARNING * * *
The seven-headed hydra closely misses you.
The seven-headed hydra bites you!
You die...

#......# #......#
#......# #......#
#......# #......#
#......########
..##.).....R..$D@#
....<...(.....<..#
..#........#######
. #........#
#.!..<.).#
#........#
#........#
#........#
#........#


You could see the friendly Amurritum the battlemage and a seven-headed hydra
(ally target).

Vanquished Creatures
  A hydra (D:10)
  A vault guard (Bailey)
  3 two-headed ogres
  3 yaks (D:8)
  A wyvern (D:7)
  A steam dragon (D:8)
  2 vampire mosquitoes (D:10)
  Menkaure (Ossuary)
  2 sky beasts
  An orc warrior (D:9)
  A necrophage (D:5)
  A wolf (D:10)
  A hornet zombie (D:6)
  A centaur (D:7)
  4 ogres
  A kobold brigand (D:6)
  3 bullfrogs
  A wyvern zombie (D:6)
  5 scorpions
  2 water moccasin skeletons (D:5)
  A howler monkey (D:8)
  A centaur zombie (D:3)
  3 hounds
  3 jellies
  An orc priest (D:8)
  A centaur skeleton (D:6)
  An iguana (D:5)
  2 orc wizards (D:9)
  A scorpion zombie (D:5)
  3 mummies (Ossuary)
  A howler monkey skeleton (D:5)
  A gnoll (Bailey)
  5 adders
  A shadow imp (D:7)
  4 white imps
  An adder skeleton (D:4)
  2 worms
  4 dart slugs
  11 orcs
  6 ball pythons
  3 endoplasms
  5 giant cockroaches
  7 gnoll zombies (Ossuary)
  5 goblins
  6 hobgoblins
  7 kobolds
  3 quokkas (D:1)
  8 bats
  4 frilled lizards
  6 gnoll skeletons (Ossuary)
  4 goblin skeletons (Ossuary)
  A goblin zombie (Ossuary)
  4 hobgoblin skeletons (Ossuary)
  5 hobgoblin zombies (Ossuary)
  4 kobold skeletons (Ossuary)
  3 kobold zombies (Ossuary)
  3 orc skeletons (Ossuary)
  4 orc zombies (Ossuary)
  4 rats
  4 rat skeletons (Ossuary)
  5 rat zombies (Ossuary)
184 creatures vanquished.

Vanquished Creatures (collateral kills)
  A vault guard (Bailey)
  A centaur warrior (D:10)
  Erica (D:8)
  2 two-headed ogres
  A cyclops (D:6)
  An unseen horror (D:10)
  Prince Ribbit (Bailey)
  A shadow (D:9)
  9 yaks
  A wyvern (D:9)
  A human (Bailey)
  Grum (D:10)
  2 vampire mosquitoes (D:10)
  A steam dragon (D:9)
  An orc warrior (Bailey)
  A black bear (D:6)
  A sky beast (D:8)
  3 wolves (D:10)
  2 centaurs
  8 bullfrogs
  2 scorpions
  3 centaur zombies
  3 orc priests
  A centaur skeleton (D:6)
  3 orc wizards
  A killer bee zombie (D:7)
  7 orcs
  A hobgoblin (Bailey)
  4 goblins (D:10)
65 creatures vanquished.

Vanquished Creatures (others)
  A human (D:5)
  A hound (D:7)
  4 battlemagi
  2 fungi (D:2)
  6 plants (D:7)
14 creatures vanquished.

Grand Total: 263 creatures vanquished

Notes
Turn   | Place    | Note
-------+----------+-------------------------------------------
     0 | D:1      | issech the Troll Fighter began the quest for the Orb.
     0 | D:1      | Reached XP level 1. HP: 22/22 MP: 0/0
   218 | D:1      | Reached XP level 2. HP: 29/29 MP: 1/1
   307 | D:1      | Reached skill level 2 in Maces & Flails
   446 | D:1      | Reached XP level 3. HP: 36/36 MP: 2/2
   858 | D:2      | Found Ozile's Weapon Shoppe.
  1160 | D:2      | Found a runed translucent door.
  1161 | D:2      | Noticed Crazy Yiuf
  1490 | D:3      | Reached XP level 4. HP: 43/44 MP: 3/3
  1624 | D:3      | Found a shimmering blue altar of Sif Muna.
  2011 | D:4      | Noticed a scorpion
  2027 | D:4      | Killed a scorpion
  2028 | D:4      | Reached skill level 3 in Maces & Flails
  2028 | D:4      | Reached XP level 5. HP: 28/52 MP: 4/4
  2100 | D:4      | Reached skill level 4 in Maces & Flails
  2100 | D:4      | Reached XP level 6. HP: 48/61 MP: 5/5
  2197 | D:4      | Found a sand-covered staircase.
  2207 | Ossuary  | Entered an ossuary
  2519 | Ossuary  | Noticed Menkaure
  2526 | Ossuary  | Killed Menkaure
  2538 | Ossuary  | Reached skill level 5 in Maces & Flails
  3004 | D:4      | Reached XP level 7. HP: 44/67 MP: 6/6
  3285 | D:5      | Entered Level 5 of the Dungeon
  3335 | D:5      | Found an ancient bone altar of Kikubaaqudgha.
  3337 | D:5      | Noticed a human
  3338 | D:5      | Killed a human
  3379 | D:5      | Found an ornate altar of the Wu Jian Council.
  3382 | D:5      | Found a burning altar of Makhleb.
  3473 | D:5      | Reached skill level 6 in Maces & Flails
  3738 | D:4      | Reached XP level 8. HP: 26/78 MP: 7/7
  4007 | D:5      | Found a hazy altar of Hepliaklqana.
  4010 | D:5      | Became a worshipper of Hepliaklqana the Forgotten
  4366 | D:5      | Reached skill level 7 in Maces & Flails
  4532 | D:5      | Found a hide-covered altar of Uskayaw.
  4537 | D:5      | Found a white marble altar of Elyvilon.
  4897 | D:6      | Reached * piety under Hepliaklqana
  5045 | D:6      | Noticed a cyclops
  5125 | D:6      | Killed a cyclops
  5126 | D:6      | Reached skill level 1 in Long Blades
  5126 | D:6      | Reached skill level 1 in Stealth
  5126 | D:6      | Reached XP level 9. HP: 52/76 MP: 8/8
  5264 | D:6      | Reached skill level 8 in Maces & Flails
  5748 | D:7      | Found a staircase to the Ecumenical Temple.
  5763 | Temple   | Entered the Ecumenical Temple
  5872 | D:7      | Reached ** piety under Hepliaklqana
  5873 | D:7      | Remembered your ancestor Amurritum as a battlemage
  5969 | D:7      | Identified the +1 robe of the Orb Guardian {rN+++ MP-9
                  | Str+4}
  6623 | D:7      | Reached skill level 5 in Shields
  6696 | D:8      | Noticed Erica
  6700 | D:8      | Killed Erica
  6701 | D:8      | Reached skill level 5 in Fighting
  6701 | D:8      | Reached skill level 5 in Dodging
  6778 | D:8      | Reached XP level 10. HP: 78/86 MP: 0/9
  7448 | D:8      | Reached *** piety under Hepliaklqana
  7521 | D:8      | Reached skill level 1 in Throwing
  8000 | D:9      | Noticed a two-headed ogre
  8005 | D:9      | Killed a two-headed ogre
  8233 | D:9      | Found a basalt altar of Yredelemnul.
  8366 | D:9      | Found a staircase to the Orcish Mines.
  8462 | D:9      | Reached skill level 5 in Long Blades
  8595 | D:9      | Noticed a two-headed ogre
  8604 | D:9      | Killed a two-headed ogre
  8879 | D:10     | Entered Level 10 of the Dungeon
  8939 | D:10     | Found a flagged portal.
  8983 | Bailey   | Entered a bailey
  8991 | Bailey   | Reached XP level 11. HP: 93/93 MP: 1/10
  9090 | Bailey   | Noticed a vault guard
  9102 | Bailey   | Killed a vault guard
  9134 | Bailey   | Noticed Prince Ribbit
  9134 | Bailey   | Noticed a vault guard
  9141 | Bailey   | Killed Prince Ribbit
  9142 | Bailey   | Killed a vault guard
  9258 | D:10     | Found a portal to a secret trove of treasure.
  9309 | D:10     | Noticed Grum
  9317 | D:10     | Noticed a centaur warrior
  9327 | D:10     | Killed a centaur warrior
  9331 | D:10     | Killed Grum
  9428 | D:10     | Noticed a two-headed ogre
  9436 | D:10     | Killed a two-headed ogre
  9614 | D:10     | Reached skill level 9 in Maces & Flails
  9739 | D:10     | Noticed a four-headed hydra
  9746 | D:10     | Killed a four-headed hydra
  9770 | D:10     | Reached **** piety under Hepliaklqana
  9779 | D:10     | Noticed a two-headed ogre
  9785 | D:10     | Killed a two-headed ogre
 10046 | D:11     | Noticed a two-headed ogre
 10046 | D:11     | Noticed a seven-headed hydra
 10128 | D:11     | Killed a two-headed ogre
 10137 | D:11     | Slain by a seven-headed hydra

Illustrated notes

Levels and vault maps discovered:
D:1:      zelgadis_glass_arrival_small, layout_basic,
          hangedman_abyss_or_decor_stabs, interstate_on_off
D:2:      layout_rooms, serial_shops, shop, uniq_crazy_yiuf_cottage
D:3:      layout_basic, lemuel_doored_altar, kennysheep_nub
D:4:      layout_gridville, chequers_ossuary_entry_cave
D:5:      layout_basic, nicolae_overflow_hidden_temple, tgw_kikubaaqudgha,
          kennysheep_mini_moat, supply_closet_lemuel
D:6:      layout_basic, minmay_checkerbox
D:7:      layout_loops_cross, minmay_temple_entry_overgrown, bh_walls_and_bars
D:8:      layout_layer_cave, uniq_erica
D:9:      layout_loops_ring, lemuel_tele_altar, david_orc_2
D:10:     layout_long_grid, nicolae_trove_entry_isolated, enter_bailey_5,
          minmay_misc_feat_nine_boxes, minivault_22,
          amcnicky_mini_rare_corridor_liquid, uniq_grum
D:11:     layout_long_grid, erik_lair_orcish_takeover,
          ebering_ghost_funeral_grove, kennysheep_generic_room_13
Temple:   nicolae_temple_great_sept

Skill      XL: |  1  2  3  4  5  6  7  8  9 10 11 |
---------------+----------------------------------+-----
Maces & Flails | 2 3 4 5 6 7 8 9 |  9.3
Dodging        | 3 4 5 6 7 |  7.3
Fighting       | 3 4 5 6 |  6.5
Shields        | 3 4 5 6 7 |  7.7
Long Blades    | 1 3 5 |  5.3
Stealth        | 1 2 3 |  3.5
Throwing       | 1 3 |  3.0

Action                   |  1- 3 |  4- 6 |  7- 9 | 10-12 || total
-------------------------+-------+-------+-------+-------++-------
Melee: Flail             |   165 |   174 |   176 |       ||   515
       Mace              |    25 |    23 |       |   137 ||   185
       Long sword        |       |       |    74 |    42 ||   116
       Morningstar       |       |       |       |    11 ||    11
Throw: Stone             |       |    12 |     8 |       ||    20
       Large rock        |       |       |     4 |    23 ||    27
Invok: Ancestor Life: Ba |       |       |     1 |       ||     1
  Use: Scroll            |       |     6 |     3 |     3 ||    12
       Potion            |       |       |       |     3 ||     3
 Stab: Sleeping          |     1 |       |     1 |     1 ||     3
       Distracted        |       |       |     2 |     8 ||    10
Armor: Robe              |    90 |    36 |    41 |    78 ||   245
Dodge: Dodged            |   120 |    82 |   151 |   138 ||   491
Block: Kite shield       |   100 |    74 |   136 |   137 ||   447
